 Dungeon Crawl Stone Soup version 0.31.0-11-ge490571c62 (webtiles) character file.

Game seed: 10861438569459041966

239 ProzacElf the Ducker (level 5, -8/37 HPs)
             Began as a Demonspawn Wanderer on Jan 29, 2024.
             Killed by nerve-wracking pain
             ... invoked by a shadow imp
              (11 damage)
             ... on level 5 of the Dungeon.
             The game lasted 00:03:10 (1906 turns).

ProzacElf the Ducker (Demonspawn Wanderer)          Turns: 1906, Time: 00:03:11

Health: -8/37      AC:  6    Str: 12    XL:     5   Next: 79%
Magic:  6/6        EV: 12    Int: 10    God:
Gold:   165        SH:  5    Dex: 17    Spells: 6/6 levels left

rFire   . . .        a - +0 mace
rCold   . . .        d - +0 buckler
rNeg    . . .        p - +0 ring mail
rPois   .            j - +0 helmet
rElec   .            (no cloak)
rCorr   .            (no gloves)
SInv    +            (no boots)
Will    .....        (no amulet)
Stlth   +            s - ring of see invisible
HPRegen 0.26/turn    (no ring)
MPRegen 0.10/turn

%: no passive effects
@: no status effects
A: spiny 1, weakness stinger 2
a: no special abilities


You were on level 5 of the Dungeon.
You visited 1 branch of the dungeon, and saw 4 of its levels.

You collected 165 gold pieces.

Inventory:

Hand Weapons
 a - a +0 mace (weapon)
Missiles
 g - 4 boomerangs
Armour
 c - a +0 leather armour
 d - a +0 buckler (worn)
 j - a +0 helmet (worn)
 p - a +0 ring mail (worn)
Magical Staves
 l - a staff of conjuration {!a}
Jewellery
 s - a ring of see invisible (left hand)
Scrolls
 h - 2 scrolls of teleportation {unknown}
 i - a scroll of identify {unknown}
 k - a scroll of blinking {unknown}
 m - a scroll of fear {unknown}
 q - a scroll of revelation {unknown}
 t - a scroll of poison {unknown}
Potions
 e - a potion of invisibility
 f - a potion of cancellation {unknown}
 n - a potion of berserk rage {unknown}
 o - 2 potions of might {unknown}
 r - a potion of brilliance {unknown}


   Skills:
 - Level 1.0 Fighting
 + Level 4.9 Maces & Flails
 - Level 5.0 Dodging
 - Level 1.7 Shields
 - Level 1.0 Spellcasting


You had 6 spell levels left.
You didn't know any spells.
Your spell library contained the following spells:

 Spells                   Type           Power      Damage    Failure   Level
 Ensorcelled Hibernation  Hex/Ice        0%         N/A       86%         2
 Fugue of the Fallen      Necr           0%         N/A       98%         3
 Summon Ice Beast         Ice/Summ       0%         N/A       98%         3
 Anguish                  Hex/Necr       0%         N/A       100%        4
 Summon Mana Viper        Hex/Summ       0%         N/A       100%        5
 Monstrous Menagerie      Summ           0%         N/A       100%        7


Dungeon Overview and Level Annotations

Branches:
Dungeon (5/15)
 Temple: D:4-7

Altars:

Shops:
D:5 =


Innate Abilities, Weirdness & Mutations

You are partially covered in sharp spines.
You have a tail ending in a sharp stinger.


Message History

Ye tail-slap tha water moccasin, but do nay damage.
Tha water moccasin be severely wounded.
Ye feel sick.
Tha water moccasin struggles against tha net.
Ye take 2 damage, an' haf 6/32 hp.
Ye hit tha water moccasin.
Ye tail-slap tha water moccasin.
Tha water moccasin be almost dead.
Ye feel sick.
Tha water moccasin struggles against tha net.
Tha net rips apart, an' tha water moccasin comes free!
Tha water moccasin be struck by yer spines.
Tha water moccasin closely misses ye.
Ye take 1 damage, an' haf 5/32 hp.
Ye miss tha water moccasin.
Tha water moccasin be almost dead.
Ye feel sick.
Ye block tha water moccasin's attack.
Tha water moccasin be struck by yer spines.
Ye kill tha water moccasin!
Yer Maces & Flails skill increases ta level 4!
Ye haf reached level 5!
Yer demonic ancestry asserts itself...
Yer tail grows a sharp stin'er.
MP restored: 6 Ye start restin'.
Ye feel sick. x2
Ye be nay longer poison'd.
Ye take 2 damage, an' haf 4/37 hp.
Ye start restin'.
A shadow imp comes inta view.
Ye regain'd 7 hp, an' now haf 11/37 hp.
Tha shadow imp shouts!
Ye start restin'.
A shadow imp be nearby!
Tha shadow imp gestures at ye.
Pain shoots through yer body!
* * * LOW HITPOINT WARNIN'
* * * Ye take 9 damage, an' haf 3/37 hp.
MASSIVE DAMAGE!!
Ye hit tha shadow imp but do nay damage.
Tha shadow imp gestures at ye.
Pain shoots through yer body!
Ye die...

#...# #.....#
#...# ##.....#
## #...#
###......###.#
#...##
#.#.##)###...
#....##
#...##.###.#
#.....#
#..........#
#####.#
##..###.##..##
#.# #...#
#(.5...#
#.###.#.#
#.@###.5..#
#..##.#.# #..#
#........
##..#.#.#....#
##....>##
#......######
#####..
#......## #
#.......#
#.......#
#.......###
#.........○§


You could see a shadow imp.

Vanquished Creatures
  A water moccasin (D:5)
  A bombardier beetle (D:5)
  3 adders (D:2)
  A dart slug (D:1)
  A ribbon worm (D:2)
  An orc (D:5)
  6 bats
  2 endoplasms (D:1)
  5 giant cockroaches
  3 goblins (D:1)
  7 hobgoblins
  3 jackals (D:2)
  6 kobolds
  5 quokkas
  5 ball pythons
  2 frilled lizards (D:1)
  8 rats
60 creatures vanquished.

Notes
Turn   | Place    | Note
-------+----------+-------------------------------------------
     0 | D:1      | ProzacElf the Demonspawn Wanderer began the quest for the
                  | Orb.
     0 | D:1      | ProzacElf set off with the following items: a +0 mace, 3
                  | throwing nets, a +0 leather armour, a +0 buckler, a potion
                  | of invisibility.
     0 | D:1      | Reached XP level 1. HP: 15/15 MP: 2/2
   190 | D:1      | Gained mutation: You have a small tail. [demonic ancestry]
   190 | D:1      | Reached XP level 2. HP: 20/21 MP: 3/3
   434 | D:1      | Gained mutation: You are partially covered in sharp spines.
                  | [demonic ancestry]
   434 | D:1      | Reached XP level 3. HP: 24/26 MP: 4/4
   577 | D:1      | Reached skill level 5 in Dodging
  1359 | D:2      | Reached XP level 4. HP: 32/32 MP: 5/5
  1792 | D:3      | You fall into a shaft and drop 2 floors!
  1792 | D:5      | Entered Level 5 of the Dungeon
  1842 | D:5      | Found Liynn's Jewellery Shop.
  1858 | D:5      | Noticed a water moccasin
  1872 | D:5      | Killed a water moccasin
  1873 | D:5      | Gained mutation: You have a tail ending in a sharp stinger.
                  | [demonic ancestry]
  1873 | D:5      | Reached XP level 5. HP: 6/37 MP: 6/6
  1906 | D:5      | Killed from afar by a shadow imp

Illustrated notes

Levels and vault maps discovered:
D:1:      sevenhm_arrival_forest_fort_large_2, layout_loops_ring, serial_forest,
          infiniplex_forest_clump_diagonal, infiniplex_forest_diagonal,
          infiniplex_forest_side_room, infiniplex_forest_straight_4,
          infiniplex_forest_end_1, minmay_tetromino_t4
D:2:      layout_loops_ring
D:3:      layout_basic
D:5:      layout_rooms, nicolae_yredelemnul_corpse_copse, serial_shops, shop,
          lemuel_flame_loot_1

Skill      XL: |  1  2  3  4 |
---------------+-------------+-----
Maces & Flails | 2 3 4 |  4.9
Dodging        | 5 |  5.0
Fighting       | |  1.0
Shields        | |  1.7
Spellcasting   | |  1.0

Action                     |  1- 3 |  4- 6 || total
---------------------------+-------+-------++-------
  Melee: Mace              |   110 |    29 ||   139
         Tailslap          |     9 |     4 ||    13
  Throw: Throwing net      |       |     3 ||     3
   Stab: Sleeping          |     5 |     1 ||     6
 Armour: Leather armour    |    43 |     2 ||    45
         Ring mail         |       |     9 ||     9
  Dodge: Dodged            |    79 |    14 ||    93
  Block: Buckler           |    29 |    11 ||    40

Action                     |  1- 3 |  4- 6 || total
---------------------------+-------+-------++-------
  Melee: Mace              |   110 |    29 ||   139
         Tailslap          |     9 |     4 ||    13
  Throw: Throwing net      |       |     3 ||     3
   Stab: Sleeping          |     5 |     1 ||     6
 Armour: Leather armour    |    43 |     2 ||    45
         Ring mail         |       |     9 ||     9
  Dodge: Dodged            |    79 |    14 ||    93
  Block: Buckler           |    29 |    11 ||    40

Levels and vault maps discovered:
D:1:      sevenhm_arrival_forest_fort_large_2, layout_loops_ring, serial_forest,
          infiniplex_forest_clump_diagonal, infiniplex_forest_diagonal,
          infiniplex_forest_side_room, infiniplex_forest_straight_4,
          infiniplex_forest_end_1, minmay_tetromino_t4
D:2:      layout_loops_ring
D:3:      layout_basic
D:5:      layout_rooms, nicolae_yredelemnul_corpse_copse, serial_shops, shop,
          lemuel_flame_loot_1
